 Dungeon Crawl Stone Soup version 0.30-a0-782-ge64f9170bb (console) character file.

Game seed: 14344277816040770963

27423 Banquo the Thaumaturge (level 13, -27/83 HPs)
             Began as a Djinni Air Elementalist on Feb 19, 2023.
             Was the Champion of Hepliaklqana.
             Blown up by an eye of devastation (35 damage)
             ... with a bolt of energy
             ... while paralysed by a floating eye
             ... on level 4 of the Lair of Beasts.
             The game lasted 01:02:16 (13319 turns).

Banquo the Thaumaturge (Djinni Air Elementalist)   Turns: 13319, Time: 01:02:17

Health: -27/83     AC: 12    Str:  7    XL:     13   Next: 65%
Gold:   835        EV:  2    Int: 30    God:    Hepliaklqana [******] SH:  0 Dex: 15

rFire   + + .      SeeInvis .    a - staff of air
rCold   x . .      Faith    .    (no shield)
rNeg    . . .      Spirit   .    d - +0 acid dragon scales
rPois   ∞          Reflect  .    h - +0 helmet {Int+3}
rElec   +          Harm     .    e - +2 cloak {Will+}
rCorr   +          Rampage  .    g - +0 pair of gloves
Will    ++...                    (boots unavailable)
Stlth   ++                       w - amulet of regeneration
HPRegen 1.13/turn                W - ring of wizardry
MPRegen 0.00/turn                I - +6 ring of intelligence

@: paralysed, flying
A: reduced essence, sickness immunity, fire resistance 2, cold vulnerability 1,
float, innate caster, HP casting, extra vitality 1
a: Renounce Religion, Recall Ancestor, Ancestor Identity, Transference, Idealise


You were on level 4 of the Lair of Beasts.
You worshipped Hepliaklqana.
Hepliaklqana was exalted by your worship.
You visited 3 branches of the dungeon, and saw 18 of its levels.
You also visited: Ossuary.

You collected 835 gold pieces.

Inventory:

Hand Weapons
 s - a +0 dagger of protection
 y - a -1 demon whip of venom
 A - the +11 scimitar of the Ethereal God {heavy, Will+}
   (You found it on level 3 of the Lair of Beasts)

   Will:      It increases your willpower.
 J - a +2 whip of electrocution
 L - a +1 mace of holy wrath
 N - a +1 dagger of venom
 O - a +1 spear of freezing
Missiles
 l - a throwing net
Armour
 d - +0 acid dragon scales (worn)
 e - a +2 cloak of willpower (worn)
 g - a +0 pair of gloves (worn)
 h - a +0 helmet of intelligence (worn)
 o - the +2 robe "Irhulit" {rElec rN+ Will+}
   (You found it on level 1 of the Lair of Beasts)

   rElec:     It insulates you from electricity.
   rN:        It protects you from negative energy.
   Will:      It increases your willpower.
Magical Staves
 a - a staff of air (weapon)
Jewellery
 w - an amulet of regeneration (around neck)
 B - a ring of wizardry
 I - a +6 ring of intelligence (right hand)
 S - a ring of see invisible
 W - a ring of wizardry (left hand)
Wands
 t - a wand of quicksilver (13)
 u - a wand of flame (96)
 z - a wand of roots (13)
 D - a wand of digging (4)
 H - a wand of mindburst (15)
Scrolls
 b - 10 scrolls of teleportation
 c - a scroll of enchant weapon
 m - 6 scrolls of magic mapping
 n - 2 scrolls of fog
 q - a scroll of noise
 r - 2 scrolls of identify
 C - 4 scrolls of enchant armour {unknown}
 E - 2 scrolls of blinking {unknown}
 G - a scroll of acquirement
 Q - 5 scrolls of immolation {unknown}
 T - a scroll of butterflies
Potions
 f - a potion of invisibility
 i - 14 potions of curing {unknown}
 j - a potion of haste
 k - 3 potions of might
 p - 4 potions of resistance
 x - 3 potions of heal wounds
 F - 3 potions of brilliance
 K - a potion of ambrosia
Miscellaneous
 v - a box of beasts
 M - a phial of floods


   Skills:
 * Level 8.7 Fighting
 * Level 4.1 Armour
 * Level 8.2 Dodging
 - Level 1.5 Stealth
 + Level 13.3 Spellcasting
 * Level 8.4 Invocations


You had 10 spell levels left.
You knew the following spells:

 Your Spells              Type           Power      Damage    Failure   Level
a - Shock                 Conj/Air       100%       1d9       0%          1
b - Airstrike             Air            49%        2d(8-24)  1%          4
c - Mephitic Cloud        Conj/Pois/Air  99%        N/A       1%          3
d - Static Discharge      Conj/Air       100%       2-7/arc   1%          2
e - Beastly Appendage     Tmut           100%       N/A       0%          1
f - Passwall              Tmut/Erth      65%        N/A       1%          2
l - Lee's Rapid Deconstr  Erth           39%        3d19*     1%          5
p - Poisonous Vapours     Pois/Air       100%       N/A       1%          2
v - Summon Mana Viper     Hex/Summ       79%        N/A       1%          5
M - Swiftness             Air            99%        N/A       1%          3
Your spell library was empty.

Dungeon Overview and Level Annotations

Branches:
Dungeon (13/15)            Temple (1/1) D:6            Lair (4/5) D:10
  Swamp (0/4) Lair:2        Snake (0/4) Lair:2      Ossuary (visited)
  Slime: Lair:4-5       Orc: D:9-12      Vaults: D:13-14

Altars:
Ashenzari
Cheibriados
Dithmenos
Elyvilon
Fedhas
Gozag
Hepliaklqana
Makhleb
Nemelex Xobeh
Okawaru
Qazlal
Ru
Trog
Uskayaw
Wu Jian
Xom
Yredelemnul
Zin
The Shining One
Jiyva

Shops:
D:4 :   D:6 *   D:10 *


Innate Abilities, Weirdness & Mutations

Your life essence is reduced to manifest your ancestor. (-10% HP)
You are immune to sickness and miasma.
You are immune to poison.
Your flesh is very heat resistant. (rF++)
You are vulnerable to cold. (rC-)
You float through the air rather than walking.
You learn spells naturally, not from books.
Your magical power is your life essence.
You have superior vitality. (+4 MHP)


Message History

You feel a surge of power!
The air twists around and strikes the eye of devastation!
The eye of devastation is heavily wounded.
* * * LOW HITPOINT WARNING * * *
Aiming: Airstrike (safe; 1% risk of failure)
Press: ? - help, Q - select action, (/) - cycle Dir - move target, f - dream sheep
Aim: a dream sheep (empty space bonus: 8/8)
You feel a surge of power!
The air twists around and strikes the dream sheep!!
The dream sheep is almost dead.
* * * LOW HITPOINT WARNING * * *
You hear a bleat! x2
A floating eye comes into view.
Aiming: Airstrike (safe; 1% risk of failure)
Press: ? - help, Q - select action, (/) - cycle Dir - move target, f/p - dream sheep
Aim: a dream sheep (almost dead, ally target, empty space bonus: 7/8)
You feel a surge of power!
The air twists around and strikes the dream sheep!!
You kill the dream sheep!
* * * LOW HITPOINT WARNING * * *
A four-headed hydra comes into view.
A dream sheep comes into view.
The floating eye seems to glare at you.
Unknown command.
Zayda hits the eye of devastation with a +0 flail!
Zayda hits the eye of devastation with a +0 flail!
The eye of devastation gazes at you.
The bolt of energy misses Zayda.
The bolt of energy hits you!
* * * LOW HITPOINT WARNING * * *
The floating eye gazes piercingly through you!
You suddenly lose the ability to move!
Zayda hits the eye of devastation with a +0 flail.
The four-headed hydra bites Zayda!
The four-headed hydra completely misses Zayda.
The four-headed hydra bites Zayda! x2
The eye of devastation pulsates ominously.
The eye of devastation gazes at you.
The bolt of energy hits Zayda!!
Zayda is blown up!
The bolt of energy hits you!!
You die...

#.####... #######..##..# ######
##........##.## #.[..#
#.............# #
#....########.............
########.....#..#.#...#....#####.
##.##.#P....#.#............# ##..
......................P....# #.#.
................@............##..
##...#P....................#.##..
##.###......................#...
#.###.......##..#..##..#.......
...#.......###G...#.##.#...P...
##........DG##.Y....## .........
...#........#.#...#. ....#.#..
#............G..._.... ....##..
##.##.......#.... #... #..


You could see a four-headed hydra, an eye of devastation, a dream sheep and a
floating eye.

Vanquished Creatures
  3 hydras
  A catoblepas (Lair:1)
  A boulder beetle (Lair:2)
  A death yak (Lair:1)
  A cyclops (D:11)
  An elephant (D:10)
  3 black mambas
  An orange demon (Lair:2)
  A gargoyle (D:10)
  9 cane toads
  2 rime drakes
  A kobold demonologist (D:9)
  2 komodo dragons
  A troll (D:11)
  A tyrant leech (Lair:2)
  5 dream sheep (Lair:4)
  2 wraiths
  2 wyverns
  5 yaks
  A basilisk (Lair:3)
  A swamp worm (Lair:2)
  4 nagas (Lair:2)
  7 water moccasins
  2 acid dragons
  A sky beast (D:5)
  An ice beast (D:6)
  An orc warrior (D:9)
  3 black bears
  7 wolves
  2 centaurs
  A phantom (D:6)
  A kobold brigand (D:9)
  3 bullfrogs
  A gnoll sergeant (D:10)
  A scorpion (D:4)
  8 wights
  4 killer bees
  2 howler monkeys
  8 orc priests
  A quasit (D:5)
  6 hounds
  3 gnoll boudas
  A jelly (D:7)
  Ijyb (D:4)
  Natasha (twice) (D:4)
  5 iguanas
  12 orc wizards
  5 adders
  12 gnolls
  5 shadow imps (D:5)
  2 white imps
  A worm (D:3)
  A dart slug (D:3)
  31 orcs
  7 ball pythons
  5 bats
  7 endoplasms
  4 giant cockroaches
  18 goblins
  8 hobgoblins
  A jackal (D:4)
  12 kobolds
  3 quokkas
  2 frilled lizards
  2 orc skeletons (Ossuary)
  2 orc zombies (Ossuary)
  3 rats
264 creatures vanquished.

Vanquished Creatures (collateral kills)
  A two-headed ogre (D:10)
  3 death yaks (Lair:1)
  Urug (Lair:1)
  Amaemon (Lair:2)
  A torpor snail (Lair:3)
  2 komodo dragons
  4 cane toads
  A hornet (D:8)
  2 wyverns
  A basilisk (Lair:1)
  9 yaks
  2 wraiths
  2 water moccasins (Lair:1)
  2 orc warriors
  4 black bears
  2 ogres
  4 wolves
  2 kobold brigands (D:9)
  2 bullfrogs (Lair:2)
  A necrophage (D:6)
  A scorpion (D:5)
  3 wights (D:9)
  3 killer bees
  Crazy Yiuf (D:6)
  2 orc priests (D:8)
  2 orc wizards (D:8)
  Natasha (D:4)
  Robin (D:4)
  4 gnolls
  A shadow imp (D:5)
  A white imp (D:5)
  10 orcs
  A goblin (D:4)
  A hobgoblin (D:4)
  A jackal (D:4)
  A hobgoblin skeleton (Ossuary)
  3 hobgoblin zombies (Ossuary)
  4 kobolds (D:9)
  An orc zombie (Ossuary)
89 creatures vanquished.

Vanquished Creatures (others)
  4 knights
  An ancestor (Ossuary)
  A kobold (D:9)
  2 demonic plants (D:5)
  5 fungi (Lair:2)
  5 plants
18 creatures vanquished.

Grand Total: 371 creatures vanquished

Notes
Turn   | Place    | Note
-------+----------+-------------------------------------------
     0 | D:1      | Banquo the Djinni Air Elementalist began the quest for the
                  | Orb.
     0 | D:1      | Banquo set off with the following spells memorised: Shock,
                  | Static Discharge, Swiftness, Airstrike.
     0 | D:1      | Reached XP level 1. HP: 15/15 MP: 0/0
    56 | D:1      | Reached XP level 2. HP: 18/22 MP: 0/0
   158 | D:1      | Found a faded altar of an unknown god.
   353 | D:1      | Reached skill level 3 in Spellcasting
   356 | D:1      | Reached XP level 3. HP: 18/26 MP: 0/0
   356 | D:1      | Learned a level 1 spell: Beastly Appendage
   558 | D:2      | Reached skill level 1 in Fighting
   733 | D:2      | Found a hazy altar of Hepliaklqana.
   741 | D:2      | Became a worshipper of Hepliaklqana the Forgotten
   947 | D:3      | Reached XP level 4. HP: 32/32 MP: 0/0
  1018 | D:3      | Found a white marble altar of Elyvilon.
  1018 | D:3      | Found a broken altar of Ashenzari.
  1018 | D:3      | Found a blossoming altar of Fedhas.
  1212 | D:3      | Reached skill level 1 in Invocations
  1212 | D:3      | Reached XP level 5. HP: 37/37 MP: 0/0
  1212 | D:3      | Learned a level 2 spell: Poisonous Vapours
  1456 | D:3      | Reached skill level 4 in Spellcasting
  1679 | D:3      | Reached XP level 6. HP: 43/43 MP: 0/0
  1811 | D:3      | Reached * piety under Hepliaklqana
  1932 | D:4      | Noticed Ijyb
  1940 | D:4      | Killed Ijyb
  1955 | D:4      | Noticed Robin
  1962 | D:4      | Killed Robin
  2004 | D:4      | Found a sand-covered staircase.
  2010 | Ossuary  | Entered an ossuary
  2105 | Ossuary  | Noticed a flying skull
  2105 | Ossuary  | Noticed a wraith
  2143 | Ossuary  | Reached XP level 7. HP: 44/44 MP: 0/0
  2143 | Ossuary  | Learned a level 2 spell: Passwall
  2233 | Ossuary  | Noticed a flying skull
  2234 | Ossuary  | Noticed a flying skull
  2241 | Ossuary  | Noticed a wraith
  2252 | Ossuary  | Killed a wraith
  2253 | Ossuary  | Reached skill level 1 in Armour
  2253 | Ossuary  | Reached skill level 5 in Spellcasting
  2287 | Ossuary  | Noticed a wraith
  2294 | Ossuary  | Killed a wraith
  2311 | Ossuary  | Noticed a flying skull
  2531 | D:4      | Reached XP level 8. HP: 50/50 MP: 0/0
  2534 | D:4      | Found Qyiciw's Vocational Training.
  2536 | D:4      | Noticed Natasha
  2542 | D:4      | Killed Natasha
  2574 | D:4      | Found a stormy altar of Qazlal.
  2749 | D:4      | Reached ** piety under Hepliaklqana
  2750 | D:4      | Remembered your ancestor Zayda as a knight
  2857 | D:4      | Noticed Natasha
  2862 | D:4      | Killed Natasha
  2915 | D:4      | Found a bloodstained altar of Trog.
  2915 | D:4      | Found an iron altar of Okawaru.
  3064 | D:4      | Found a stormy altar of Qazlal.
  3066 | D:4      | Noticed Natasha
  3072 | D:4      | Killed Natasha
  3220 | D:4      | Found Qyiciw's Vocational Training.
  3526 | D:5      | Entered Level 5 of the Dungeon
  3619 | D:5      | Reached skill level 6 in Spellcasting
  3774 | D:5      | Reached XP level 9. HP: 36/55 MP: 0/0
  3774 | D:5      | Learned a level 3 spell: Mephitic Cloud
  4326 | D:6      | Found Zin's Purification Station.
  4328 | D:6      | Found a glowing silver altar of Zin.
  4352 | D:6      | Reached skill level 7 in Spellcasting
  4539 | D:6      | Found a staircase to the Ecumenical Temple.
  4929 | D:6      | Found a runed translucent door.
  4930 | D:6      | Noticed Crazy Yiuf
  5066 | D:6      | Killed Crazy Yiuf
  5149 | Temple   | Entered the Ecumenical Temple
  5493 | D:7      | Reached *** piety under Hepliaklqana
  5604 | D:7      | Reached XP level 10. HP: 56/62 MP: 0/0
  5684 | D:7      | Reached skill level 5 in Dodging
  6136 | D:7      | Reached skill level 8 in Spellcasting
  6245 | D:7      | Reached skill level 5 in Fighting
  7238 | D:8      | Reached skill level 5 in Invocations
  7936 | D:8      | Identified a scroll of acquirement
  7938 | D:9      | Reached **** piety under Hepliaklqana
  8380 | D:9      | Reached skill level 9 in Spellcasting
  8430 | D:9      | Reached XP level 11. HP: 40/68 MP: 0/0
  8430 | D:9      | Learned a level 5 spell: Summon Mana Viper
  9142 | D:10     | Entered Level 10 of the Dungeon
  9249 | D:10     | You are sucked into a shaft and drop 3 floors!
  9424 | D:11     | Noticed a cyclops
  9431 | D:11     | Killed a cyclops
  9459 | D:10     | Found a staircase to the Lair.
  9460 | D:10     | Noticed an elephant
  9474 | D:10     | Reached skill level 10 in Spellcasting
  9479 | D:10     | Killed an elephant
  9603 | D:10     | Noticed a two-headed ogre
  9607 | D:10     | Killed a two-headed ogre
  9632 | D:10     | Reached ***** piety under Hepliaklqana
  9694 | D:10     | Identified the +1 ring mail of Baldness {Rampage *Corrode
                  | Str+6}
  9864 | D:10     | Found Leffouru's General Store.
  9984 | Lair:1   | Entered Level 1 of the Lair of Beasts
  9984 | Lair:1   | Noticed a death yak
  9984 | Lair:1   | Noticed a death yak
  9984 | Lair:1   | Noticed a death yak
  9984 | Lair:1   | Noticed a death yak
  9989 | Lair:1   | Killed a death yak
  9992 | Lair:1   | Killed a death yak
  9993 | Lair:1   | Reached XP level 12. HP: 49/75 MP: 0/0
  9994 | Lair:1   | Killed a death yak
  9997 | Lair:1   | Killed a death yak
  9998 | Lair:1   | Reached skill level 11 in Spellcasting
 10037 | Lair:1   | Noticed Urug
 10047 | Lair:1   | Killed Urug
 10225 | Lair:1   | Noticed a catoblepas
 10239 | Lair:1   | Killed a catoblepas
 10472 | Lair:1   | Identified the +2 robe "Irhulit" {rElec rN+ Will+}
 10794 | Lair:1   | You are sucked into a shaft and drop 1 floor!
 10835 | Lair:2   | Noticed Amaemon
 11195 | Lair:2   | Found a staircase to the Snake Pit.
 11229 | Lair:2   | Reached skill level 12 in Spellcasting
 11361 | Lair:2   | Reached XP level 13. HP: 70/82 MP: 0/0
 11361 | Lair:2   | Learned a level 5 spell: Lee's Rapid Deconstruction
 11881 | Lair:2   | Noticed a seven-headed hydra
 11883 | Lair:2   | Noticed a five-headed hydra
 11897 | Lair:2   | Killed a seven-headed hydra
 11899 | Lair:2   | Killed a five-headed hydra
 11972 | Lair:2   | Found a staircase to the Swamp.
 12031 | Lair:2   | Killed Amaemon
 12112 | Lair:2   | Reached skill level 13 in Spellcasting
 12643 | Lair:3   | Reached ****** piety under Hepliaklqana
 12649 | Lair:3   | Identified the +11 scimitar of the Ethereal God {heavy,
                  | Will+}
 13102 | Lair:3   | Found a runed translucent door.
 13106 | Lair:3   | Noticed a five-headed hydra
 13115 | Lair:3   | Killed a five-headed hydra
 13259 | Lair:4   | Found a viscous altar of Jiyva.
 13312 | Lair:4   | Noticed a four-headed hydra
 13318 | Lair:4   | Paralysed by a floating eye for 4 turns
 13319 | Lair:4   | Blown up by an eye of devastation

Illustrated notes

Levels and vault maps discovered:
D:1:      dpeg_arrival_orchard, layout_rooms, ebering_ecumenical_altar_petrified
D:2:      layout_rooms, basic_altar
D:3:      layout_basic, chequers_temple_overflow_statue_of_worship,
          grunt_ministairs_5
D:4:      layout_rooms, grunt_qazlal_sundering,
          grunt_temple_overflow_bloody_war,
          lightli_ossuary_entry_decrepit_ruins, nicolae_shop_vocational,
          uniq_natasha, uniq_robin, uniq_ijyb
D:5:      layout_rooms, serial_demonic, serial_demonic_g, serial_demonic_a,
          serial_demonic_c, serial_demonic_c, hangedman_decor_slide_cut,
          grunt_ministairs_8
D:6:      layout_basic, zin_purify, minmay_temple_entry_stoned_glass,
          uniq_crazy_yiuf_cottage
D:7:      layout_loops_ring, minivault_14, grunt_tough_drop
D:8:      layout_basic
D:9:      layout_cave_pods
D:10:     layout_rooms, david_lair_generic, serial_shops, shop,
          minmay_strange_pillars
D:11:     layout_long_grid, hiddenorc1_lemuel
D:12:     layout_loops_corners, grunt_decor_fettered, nemelex_spade_bored_becter
D:13:     layout_rooms, hangedman_vaults_entry_quadrant_bands, serial_shops,
          nicolae_shop_bloodbath_and_beyond, okawaru_gym_becter, uniq_sonja,
          uniq_jorgrun, uniq_lodul
Temple:   bh_familiar_temple
Lair:1:   layout_concentric_octagons, nicolae_quartered_pool_impasse,
          lemuel_fruit_tree, uniq_urug
Lair:2:   layout_layer_cave, palyth_hydra_swamp_entry,
          minmay_snake_entry_guardpost_small, beast_lair_carwin_7, uniq_amaemon
Lair:3:   layout_regular_city, pf_torpor_hydra, grunt_megastairs_1
Lair:4:   layout_gridlike, minmay_slime_entry_eyes, portal_ice_cave_entry_imps

Skill      XL: |  1  2  3  4  5  6  7  8  9 10 11 12 13 |
---------------+----------------------------------------+-----
Spellcasting   | 3 4 5 6 7 9 10 12 13 | 13.3
Fighting       | 1 2 3 4 5 6 7 8 |  8.7
Invocations    | 1 2 3 4 5 6 7 8 |  8.4
Armour         | 1 2 3 4 |  4.1
Dodging        | 3 4 6 7 8 |  8.2
Stealth        | |  1.5

Action                     |  1- 3 |  4- 6 |  7- 9 | 10-12 | 13-15 || total
---------------------------+-------+-------+-------+-------+-------++-------
  Melee: Whip              |       |       |       |     2 |       ||     2
   Cast: Shock             |    78 |   126 |    53 |     1 |       ||   258
         Poisonous Vapours |       |     4 |     3 |    17 |     1 ||    25
         Airstrike         |       |       |    97 |   217 |    77 ||   391
         Static Discharge  |       |       |     2 |       |       ||     2
         Mephitic Cloud    |       |       |       |     3 |       ||     3
         Summon Mana Viper |       |       |       |    21 |     8 ||    29
         Lee's Rapid Decon |       |       |       |       |     4 ||     4
 Invoke: Ancestor Life: Kn |       |       |     1 |       |       ||     1
         Idealise          |       |       |       |     3 |       ||     3
         Recall Ancestor   |       |       |       |     2 |       ||     2
    Use: Scroll            |       |       |     7 |    14 |     1 ||    22
 Armour: Robe              |     3 |     1 |     1 |       |       ||     5
         Leather armour    |       |       |     5 |       |       ||     5
         Acid dragon scale |       |       |       |    10 |       ||    10
  Dodge: Dodged            |     9 |    13 |     8 |    15 |       ||    45

Table legend: (Time is in decaauts)
 A = Elapsed time spent in this place.
 B = Non-inter-level travel time spent in this place.
 C = Inter-level travel time spent in this place.
 D = Time resting spent in this place.
 E = Time spent auto-exploring this place.
 F = Levels seen in this place.
 G = Mean time per level.
                   A        B        C        D        E       F      G
               +--------+--------+--------+--------+--------+-----+--------+
         Total |  13351 |  12101 |   1250 |    806 |   8262 |  19 |  702.7 |
       Dungeon |   9434 |   8363 |   1071 |    495 |   5891 |  13 |  725.7 |
        Temple |    172 |    160 |     12 |      0 |    157 |   1 |  172.0 |
          Lair |   3339 |   3172 |    167 |    223 |   2214 |   4 |  834.8 |
       Ossuary |    405 |    405 |      0 |     88 |      0 |   1 |  405.0 |
               +--------+--------+--------+--------+--------+-----+--------+

Top non-repeatable levels by time:
     D:7: 1599 daAuts
  Lair:2: 1389 daAuts
     D:9: 1252 daAuts
     D:4: 1160 daAuts
  Lair:1: 1063 daAuts
     D:3: 1024 daAuts
     D:6: 973 daAuts
     D:8: 940 daAuts
  Lair:3: 758 daAuts
     D:5: 747 daAuts
     D:1: 546 daAuts
    D:10: 527 daAuts
     D:2: 454 daAuts
 Ossuary: 405 daAuts
  Temple: 172 daAuts
